Cogmind - Beta 15 *** ADVENTURER MODE // 2025.05.09 @ 16:28:59 Player: Jack Result: Destroyed by 65-CN3(R) with Subdweller Machine Gun Performance ------------- Evolutions (0) 0 Regions Visited (2) 400 Robots Destroyed (20) 100 Value Destroyed (692) 692 Prototype IDs (0) 0 Alien Tech Used (0) 0 Bonus (-118) -118 TOTAL SCORE: 1074 Bonus ------- Friendly Fire -118 Cogmind --------- Core Integrity 0/250 Matter 222/300 Energy 200/200 System Corruption 2% Temperature Cool (9) Movement Rolling (120) Ox1 Location -10/Subcaves Parts ------- > --- POWER (1) -------- Subdweller Power Source > --- PROPULSION (2) --- Light Treads Subdweller Monowheel > --- UTILITY (2) ------ Makeshift Light Armor Plating > --- WEAPON (2) ------- Subdweller Beam Cannon Subdweller Machine Gun > --- INVENTORY (5) ---- Small Laser Light Assault Rifle Subdweller Machine Gun Subdweller Machine Gun Peak State ------------ > --- POWER ------------ Subdweller Power Source > --- PROPULSION ------- Light Treads Subdweller Monowheel > --- UTILITY ---------- Makeshift Light Armor Plating > --- WEAPON ----------- Subdweller Beam Cannon Subdweller Machine Gun > --- INVENTORY -------- Small Laser Light Assault Rifle Subdweller Machine Gun Subdweller Machine Gun [Rating: 13] Favorites ----------- Power Light Ion Engine Engine Light Ion Engine Propulsion Light Treads Treads Light Treads Leg Aluminum Leg Wheel Subdweller Monowheel Utility Seismic Detector Device Seismic Detector Protection Light Armor Plating Weapon Subdweller Machine Gun Energy Gun Medium Laser Energy Cannon Subdweller Beam Cannon Ballistic Gun Subdweller Machine Gun Build | -11 -10 -10 ------- Run | Yrd Mat Sub Slots Evolved . | . . . Power . | . . . Propulsion . | . . . Utility . | . . . Weapon . | . . . Parts Attached 18 | 5 1 12 Power 4 | 1 . 3 Engine 4 | 1 . 3 Core . | . . . Reactor . | . . . Propulsion 6 | 2 . 4 Treads 3 | 2 . 1 Leg 2 | . . 2 Wheel 1 | . . 1 Hover . | . . . Flight . | . . . Utility 3 | . 1 2 Device 1 | . 1 . Storage . | . . . Processor . | . . . Hackware . | . . . Protection 2 | . . 2 Artifact . | . . . Weapon 5 | 2 . 3 Energy Gun 1 | 1 . . Energy Cannon 1 | . . 1 Ballistic Gun 3 | 1 . 2 Ballistic Cannon . | . . . Launcher . | . . . Special Weapon . | . . . Impact Weapon . | . . . Slashing Weapon . | . . . Piercing Weapon . | . . . Special Melee Weapon . | . . . Unidentified Prototypes . | . . . Parts Lost 7 | . 1 6 Power 3 | . 1 2 Propulsion 2 | . . 2 Utility 2 | . . 2 Weapon . | . . . Highest Loss Streak 3 | . 1 3 To Critical Strikes 1 | . . 1 Average Backups 4 | 1 4 3 Power . | . 1 . Propulsion . | . 2 . Utility . | . . . Weapon 1 | . 1 3 Tool/Special . | . . . Unused Backups 2 | . . 2 Power . | . . . Propulsion . | . . . Utility . | . . . Weapon 2 | . . 2 Tool/Special . | . . . Average Slot Usage (%) 85 | . 80 90 Engine 11 | . 11 11 Treads 20 | . 28 13 Leg 6 | . . 12 Wheel 1 | . . 2 Device 10 | . 12 8 Protection 6 | . . 13 Energy Gun 7 | . 14 1 Energy Cannon 2 | . . 5 Ballistic Gun 17 | . 14 21 Peak Build Rating 13 | 5 6 13 Average Rating 7 | 4 5 9 On Entrance 3 | . 5 5 Naked Turns . | . . . Heaviest Build 21 | 6 7 21 Greatest Support 40 | 40 40 20 Greatest Overweight (x) 1 | . . 1 Average Overweight (x) . | . . . Largest Inventory Capacity 5 | 5 5 5 Average Capacity 5 | 5 5 5 Most Carried 5 | 4 5 5 Average Carried 4 | 1 4 3 Final Capacity 5 | 5 5 5 Final Carried 5 | 4 5 4 Class Distribution -------------------- 100% | Mutant Dominant Class ---------------- Mutant | -10/Materials Mutant | -10/Subcaves Resources | -11 -10 -10 ----------- Run | Yrd Mat Sub Matter Collected 470 | 42 56 372 Remotely . | . . . Salvage Created 770 | . 408 362 Parts 48 | . 29 19 Haulers Intercepted . | . . . Recyclers Shooed . | . . . Parts Field Recycled . | . . . Retrieved Matter . | . . . Parts Self-Destructed . | . . . Prevented . | . . . Kills | -11 -10 -10 ------- Run | Yrd Mat Sub Combat Hostiles Destroyed 19 | . 11 8 Guns 15 | . 11 4 Cannons 3 | . . 3 Classes Destroyed 7 | . 3 4 Worker 1 | . 1 . Swarmer 3 | . 3 . Grunt 8 | . 8 . Artisan 2 | . . 2 Cobbler 1 | . . 1 Subdweller 8 | . . 8 Scientist 1 | . . 1 Best Kill Streak 5 | . 5 2 Combat Bots Only 5 | . 5 2 Max Kills in Single Turn 1 | . 1 1 Gunslinging . | . . . Exploded . | . . . Melee . | . . . Uniques/NPCs Destroyed . | . . . Combat | -11 -10 -10 -------- Run | Yrd Mat Sub Hostile Shots Fired 119 | . 40 79 Missed 43 | . 14 29 Hits 76 | . 26 50 Projectile 76 | . 26 50 Critical Strikes 2 | . . 2 Damage Taken 1301 | . 412 889 Core 250 | . 70 180 Absorbed by Shields . | . . . Ignored by Resistances 370 | . 121 249 Core Remaining (%) 100 | 100 . . Volleys Fired 86 | . 34 52 Largest 2 | . 2 2 Hottest 110 | . 70 110 Shots Fired 171 | . 68 103 Gun 154 | . 68 86 Cannon 17 | . . 17 Launcher . | . . . Special . | . . . Kinetic 105 | . 34 71 Thermal 66 | . 34 32 Explosive . | . . . Electromagnetic . | . . . Robot Hit Streak 22 | . 13 22 Robot Miss Streak 1 | . 1 1 Penetration Max . | . . . Secondary Targets 1 | . . 1 Max Gunslinging Chain 1 | . . 1 Shots Hit Robots 125 | . 50 75 Core Hits 42 | . 22 20 Critical Kills 2 | . 1 1 Critical Parts Destroyed 1 | . . 1 Critical Strikes 7 | . 4 3 Burn 4 | . 3 1 Meltdown 1 | . . 1 Destroy 2 | . 1 1 Melee Attacks . | . . . Impact . | . . . Slashing . | . . . Piercing . | . . . Sneak Attacks . | . . . Combat Hostiles . | . . . Follow-up Attacks . | . . . Damage Inflicted 1849 | . 513 1336 Guns 1533 | . 513 1020 Cannons 316 | . . 316 Explosions . | . . . Melee . | . . . Ramming . | . . . Kinetic 1042 | . 211 831 Thermal 807 | . 302 505 Explosive . | . . . Electromagnetic . | . . . Impact . | . . . Slashing . | . . . Piercing . | . . . Highest Corruption 2 | . 2 2 Average Corruption 2 | . 2 2 Corruption Purged . | . . . Corruption Blocked . | . . . Effects 21 | . 10 11 Message Errors 6 | . 4 2 Matter Fused 4 | . 2 2 Heat Flow Errors 1 | . 1 . Energy Discharges 2 | . 1 1 Parts Rejected 1 | . . 1 Data Loss (minor) 2 | . 1 1 Data Loss (major) 2 | . 1 1 Misfires 1 | . . 1 Alerts 1 | . . 1 Weapon Failures 1 | . . 1 Overload Shots . | . . . Overflow Damage 4 | . 4 . Projectiles . | . . . Explosions 4 | . 4 . Melee . | . . . Knockbacks . | . . . Impact . | . . . Kinetic . | . . . Secondary . | . . . Self-Inflicted Damage 146 | . 146 . Shots 2 | . 2 . Rammed . | . . . Targets Rammed . | . . . Kicked . | . . . Crushed . | . . . Highest Temperature 241 | . 241 15 Average Temperature 49 | . 64 4 Received Heat Transfer 282 | . 135 147 Siege Activations . | . . . Martial Activations . | . . . Shielding Activations . | . . . Robots Disrupted . | . . . Combat Hostiles . | . . . Robots Corrupted . | . . . Combat Hostiles . | . . . Parts Fried . | . . . Impact Corruptions . | . . . Robots Melted 1 | . . 1 Combat Hostiles 1 | . . 1 Parts Melted 7 | . 3 4 Heat Transferred 2183 | . 1110 1073 Parts Sabotaged . | . . . Parts Stolen . | . . . Parts Stripped . | . . . Power Chain Reactions . | . . . Alert | -11 -10 -10 ------- Run | Yrd Mat Sub Maximum Alert Level . | . . . Low Security (%) 100 | 100 100 . Level 1 . | . . . Level 2 . | . . . Level 3 . | . . . Level 4 . | . . . Level 5 . | . . . High Security . | . . . Max Security . | . . . Peak Influence 100 | . 100 . Initial . | . . . Average 24 | . 26 . Influence Increases 358 | . 358 . Destroy 0b10 Robot/C 220 | . 220 . Destroy 0b10 Robot/NC 5 | . 5 . Destroy Leader 50 | . 50 . Disable Machine 27 | . 27 . Destroy Structure 26 | . 26 . Lose Combat Pursuer 30 | . 30 . Influence Decreases 358 | . 358 . Time Decay 348 | . 348 . Lost Part 10 | . 10 . Squads Dispatched 1 | . 1 . Investigation 1 | . 1 . Extermination . | . . . Reinforcement . | . . . Assault . | . . . Garrison . | . . . Intercept . | . . . Searches Triggered . | . . . Construction Impeded . | . . . Haulers Reinforced . | . . . Active Scanning Responses . | . . . Cargo Convoy Interrupts . | . . . Stealth | -11 -10 -10 --------- Run | Yrd Mat Sub Distress Signals 2 | . 2 . Communications Jammed . | . . . Distress Signals . | . . . Times Spotted 25 | . 15 10 Peak Tracking Total 5 | . 5 2 Tactical Retreats 1 | . 1 . Traps | -11 -10 -10 ------- Run | Yrd Mat Sub Traps Triggered 3 | . 3 . Indirectly . | . . . Trap Hack Attempts . | . . . Triggered . | . . . Disarmed . | . . . Reprogrammed . | . . . Reused . | . . . Traps Extracted . | . . . Installed . | . . . Triggered . | . . . Machines | -11 -10 -10 ---------- Run | Yrd Mat Sub Machines Disabled 3 | . 3 . Max in Single Turn 3 | . 3 . Machines Repaired . | . . . Machines Dismantled . | . . . Machines Sabotaged . | . . . Overloaded Fab Kills . | . . . Hacking | -11 -10 -10 --------- Run | Yrd Mat Sub Machines Accessed . | . . . Terminals . | . . . Fabricators . | . . . Repair Stations . | . . . Recycling Units . | . . . Scanalyzers . | . . . Garrison Access . | . . . Total Hacks . | . . . Successful . | . . . Failed . | . . . Catastrophic . | . . . Database Lockouts . | . . . Manual . | . . . Terminals . | . . . Fabricators . | . . . Repair Stations . | . . . Recycling Units . | . . . Scanalyzers . | . . . Garrison Access . | . . . Terminal Hacks . | . . . Fabricator Hacks . | . . . Repair Station Hacks . | . . . Recycling Unit Hacks . | . . . Scanalyzer . | . . . Garrison Access Hacks . | . . . Unauthorized Hacks . | . . . Terminals . | . . . Fabricators . | . . . Repair Stations . | . . . Recycling Units . | . . . Scanalyzers . | . . . Garrison Access . | . . . Data Cores Recovered . | . . . Used . | . . . Hacking Detections . | . . . Full Trace Events . | . . . Feedback Events . | . . . Feedback Blocked . | . . . Robot Schematics Acquired . | . . . Robots Built . | . . . Authchips . | . . . Time . | . . . Total Robot Build Rating . | . . . Part Schematics Acquired . | . . . Parts Built . | . . . Authchips . | . . . Time . | . . . Total Part Build Rating . | . . . Parts Repaired . | . . . Time . | . . . Parts Recycled . | . . . Recycled Matter . | . . . Retrieved Matter . | . . . Retrieved Components . | . . . Parts Scanalyzed . | . . . Part Schematics Acquired . | . . . Parts Damaged . | . . . Bothacking | -11 -10 -10 ------------ Run | Yrd Mat Sub Used RIF Installer . | . . . Robots Hacked . | . . . Non-combat . | . . . Combat . | . . . Robot Hacks Applied . | . . . Relay Couplers Released . | . . . Fabnet Peak Effective % . | . . . Robots Rewired . | . . . Allies Hacked . | . . . Hacks Repelled . | . . . Allies | -11 -10 -10 -------- Run | Yrd Mat Sub Total Allies . | . . . Largest Group . | . . . Highest-Rated Group . | . . . Highest-Rated Ally . | . . . Total Orders . | . . . Ally Attacks . | . . . Total Damage . | . . . Kills . | . . . Allies Corrupted . | . . . Allies Melted . | . . . Intel | -11 -10 -10 ------- Run | Yrd Mat Sub Active Infowar (turns) 1746 | . 1020 726 Seismic 1746 | . 1020 726 Robot Analysis Total . | . . . Derelict Logs Recovered 1 | . . 1 Drone Launches . | . . . Drone Recoveries . | . . . Exploration | -11 -10 -10 ------------- Run | Yrd Mat Sub Turns Passed 2391 | 82 1149 1160 Spaces Moved 1136 | 46 501 589 Core 2 | 2 . . Treads 898 | 44 501 353 Legs 116 | . . 116 Wheels 120 | . . 120 Hover . | . . . Flight . | . . . Fastest Speed 50 | 50 160 120 Average Speed 160 | 155 160 160 Slowest Speed 240 | 160 160 240 Overloaded Moves . | . . . Propulsion Burnouts . | . . . Robots Hopped . | . . . Potential Cave-ins . | . . . Cave-ins Triggered . | . . . Exploration Rate (%) 42 | 4 83 41 Regions Visited 2 Branch Regions 1 Pre-discovered Areas . | . . . Known Exits Taken . | . . . Unknown Exits Taken 2 | 1 1 . Scrap Searched . | . . . Spaces Dug . | . . . Terrain Destroyed 29 | . 29 . Melee . | . . . Projectile . | . . . AOE 29 | . 29 . Terrain Rammed . | . . . Walls Destroyed . | . . . Machines Disabled . | . . . Actions | -11 -10 -10 --------- Run | Yrd Mat Sub Total 1544 | 54 787 703 Wait 289 | . 251 38 Move 1134 | 45 500 589 Hop . | . . . Pick Up 11 | 4 1 6 Fast Attach 10 | 5 1 4 Attach 7 | . . 7 Detach 1 | . . 1 Swap 3 | . . 3 Drop 3 | . . 3 Fire 86 | . 34 52 Melee . | . . . Ram . | . . . Kick . | . . . Crush . | . . . Escape Stasis . | . . . Rewire . | . . . Trap . | . . . Miscellaneous . | . . . Route ------- -11/Scrapyard -10/Materials (discovered 6 exits: [*Mat x3] / [*Min x2] / [*Sub]) -10/Subcaves (discovered 2 exits: [*Mat x2]) History --------- Turn | Location | Event 12 | -11/Scrapyard | Discovered new exit (range 15) 83 | -11/Scrapyard | Entered Materials 177 | -10/Materials | Discovered new exit (range 7) 293 | -10/Materials | Discovered new exit (range 16) 309 | -10/Materials | Build established: Mutant 469 | -10/Materials | Discovered new exit (range 9) 507 | -10/Materials | Discovered new exit (range 13) 914 | -10/Materials | Discovered new exit (range 6) 1191 | -10/Materials | Discovered new exit (range 9) 1232 | -10/Materials | Entered Subcaves 1233 | -10/Subcaves | Approached by a straggling Scientist 1238 | -10/Subcaves | Discovered new exit (range 12) 1257 | -10/Subcaves | Ambushed by angry Subdweller bent on revenge 1406 | -10/Subcaves | Shifting Twisted Machinery released Sub. Machine Gun 1499 | -10/Subcaves | Core integrity fell below 50% 1558 | -10/Subcaves | Discovered new exit (range 8) 1955 | -10/Subcaves | Core integrity fell below 20% 1989 | -10/Subcaves | Lost 3 parts (1p2u) 2035 | -10/Subcaves | Shifting Twisted Machinery released Riot Gun 2038 | -10/Subcaves | Shifting Twisted Machinery released Sub. Power Source 2283 | -10/Subcaves | Visited 4L-MR0's lab 2319 | -10/Subcaves | A swath of the cavern ceiling suddenly collapsed 2392 | -10/Subcaves | Destroyed by 65-CN3(R) with Subdweller Machine Gun Last Messages --------------- Acquired Sub. Power Source. System corrupted: Component data lost. 0G-01V(R) suffers critical hit (Destroy). Destroyed Disposable Heat Sink. 0G-01V(R) destroyed. Critical hit (Destroy). Aluminum Leg destroyed. 1K-KT9(R) destroyed. Acquired 74 matter. Acquired Sub. Machine Gun. Acquired Sub. Monowheel. Acquired derelict log, extracted data. Data stored: Mines entrances (x2). 4L-MR0: "What, already? Ugh, fine! Just take it and go! I only just finished this one... Can't you folks let me experiment with them a little longer before you take them away? 4L-MR0 cries out in pain. 4L-MR0 destroyed. Acquired 15 matter. A swath of the cavern ceiling suddenly collapses. Map ----- +----------------------------------------------------+ | ???????????????????????????????????????????????? | | ???????????????????????????????????????????????? | | ???????????????????????????????????????????????? | | ???????????????????????????????????????????????? | | ???????????????????????????????????????????????? | | ???????????????????????????????????????????????? | | ???????????????????????????????????????????????? | | ???????????????????????????????????????????????? | | ???????????????????????????????????????????????? | | ???????????????????????????????????????????????? | | ???????????????????????????????????????????????? | | ???????????????????????????????????????????????? | | ???????????????????????????????????????????????? | | ???????????????????????????????????????????????? | | ???????????????????###?????????????????????????? | | ???????????????????# ?????????????????????????? | | ??????????????????## ?????????????????????????? | | ??????????????????# ?????????????????????????? | | ??????????????????# ######?##?###????????????? | | ?????????????????## ## ## #????????????? | | ????????????????## #????????????? | | ????????????????# #?????????????? | | ???????????????## #?????????????? | | ???????????????# R #?????????????? | | ???????????????### #R ##???????????????? | | ?????????????????# #@ ##????????????????? | | ?????????????????# " ### ###???????????????? | | ??????????????? """ "??# #???????????????? | | ??????????????? "" ??## " #???????????????? | | ???????????????? ""???# ""# ###???????????????? | | ???????????????? ????# "" #???????????????? | | ????????????????#?????##" ##???????????????? | | ???????????????????????## #????????????????? | | ??????????????????????### ###????????????????? | | ??????????????????????#""" ##??????????????????? | | ??????????????????????#""" #???????????????????? | | ?????????????????????#"### ##??????????????????? | | ?????????????????#"??##?#" #??????????????????? | | ????????????????##"#????#" ##??????????????????? | | ????????????????# ????# #???????????????????? | | ???????????????? #???## ###?????????????????? | | ????????????????? ????#" ##????????????????? | | ????????????????? ????# #????????????????? | | ?????????????????? ????## ##????????????????? | | ??????????????????###?????# #????????????????? | | ?????????????????##"##???## ##????????????????? | | ?????????????????#""##???# #????????????????? | | ?????????????????###"#???# ##????????????????? | | ??????????????????#" #???# ##????????????????? | | ??????????????????# ###??## #????????????????? | +----------------------------------------------------+ Best States ------------- Heat Dissipation 25 Energy Generation 15 Energy Capacity 200 Matter Stores 232 Matter Capacity 300 Sight Range 16 Terrain Scan Density 10 Armor Coverage 150 Resistance: KI 20 Resistance: TH 20 Resistance: EX 20 Resistance: EM 20 Resistance: I 20 Resistance: S 20 Resistance: P 20 Evasion (%) 50 Recoil Reduction 2 Offensive Hacking 10 Item Schematics ----------------- None Robot Schematics ------------------ None Fabricated ------------ Nothing Repaired ---------- Nothing Alien Tech Used ----------------- None Achievements -------------- None Challenges ------------ None Game ------ Seed ActiveBlastMaul Manual? 0 Play Time 00:09:42 Cumulative 103.3 hours Start 2025.05.09 @ 16:20:08 End 2025.05.09 @ 16:28:59 Sessions 1 Manual Loads 0 Difficulty Adventurer Special Mode None Game No. 119 Rogue 18 Adventurer 94 Explorer 7 Win Type - Total 20 Types 4/0/9/0/2/0/4/1/0/0 Lore% 38 Gallery% 37 Achievement% 60 Wizard Run 0 Options --------- Layout 0 ASCII 0 Keyboard 0 Movement Mouse Keybinds 0 Fullscreen 2 Font 12/Smallcaps Map View 83x54 Zoom Use 0% Tactical HUD 0 Map Filters NONE Filters NONE Steam X RUN: f000d8a7-1d0a-4259-a706-48422acbeabe